 Dungeon Crawl Stone Soup version 0.29.1-15-g9cfb28693d (webtiles) character file.

Game seed: 14665266094516518110

6841 dobroeutro the Basher (level 11, -4/69 HPs)
             Began as a Gargoyle Fighter on Apr 22, 2023.
             Was a High Priest of Okawaru.
             Slain by Maurice
             ... wielding a +2 battleaxe of electrocution
              (11 damage)
             ... on level 9 of the Dungeon.
             The game lasted 00:18:09 (10027 turns).

dobroeutro the Basher (Gargoyle Fighter)           Turns: 10027, Time: 00:18:10

Health: -4/69      AC: 29    Str: 31    XL:     11   Next: 5%
Magic:  11/11      EV: 11    Int:  9    God:    Okawaru [*****.]
Gold:   0          SH: 11    Dex: 11    Spells: 10/10 levels left

rFire   + . .      SeeInvis +   a - +0 flail
rCold   . . .      Faith    .   c - +0 buckler
rNeg    + . .      Spirit   .   y - +5 ring mail of Cheibriados {rElec rPois Str+3 SInv}
rPois   ∞          Reflect  +   n - +1 helmet
rElec   +          Harm     .   s - +2 cloak {rPois}
rCorr   .          Rampage  .   (no gloves)
Will    .....      Rage     3%  (no boots)
Stlth   ++........              r - amulet of reflection
HPRegen 0.21/turn               u - +4 ring of protection
MPRegen 0.12/turn               A - ring of Roeriop {rF+ Str+6}

@: on berserk cooldown, studying Maces & Flails
A: sickness immunity, AC +8, negative energy resistance 1, electricity
resistance, torment resistance 1, petrification resistance, camouflage 1,
berserk 1, screaming 1
a: Renounce Religion, Heroism, Finesse, Duel


You were on level 9 of the Dungeon.
You worshipped Okawaru.
Okawaru was extremely pleased with you.
You visited 1 branch of the dungeon, and saw 9 of its levels.
You also visited: Ossuary.

Inventory:

Hand Weapons
 a - a +0 flail (weapon)
Missiles
 h - a throwing net (quivered)
Armour
 b - a +0 scale mail
 c - a +0 buckler (worn)
 f - a +0 cloak
 n - a +1 helmet (worn)
 s - a +2 cloak of poison resistance (worn)
 y - the +5 ring mail of Cheibriados (worn) {rElec rPois Str+3 SInv}
   (You found it on level 7 of the Dungeon)

   Str:       It affects your strength (+3).
   rElec:     It insulates you from electricity.
   rPois:     It protects you from poison.
   SInv:      It lets you see invisible.
Jewellery
 r - an amulet of reflection (around neck)
 u - a +4 ring of protection (left hand)
 z - a ring of flight
 A - the ring of Roeriop (right hand) {rF+ Str+6}
   (You found it in an ossuary)

   [ring of strength]

   Str:       It affects your strength (+6).
   rF:        It protects you from fire.
 F - a ring of positive energy
Wands
 t - a wand of roots (6)
 w - a wand of flame (3)
 B - a wand of acid (6)
Scrolls
 e - 5 scrolls of teleportation
 k - 4 scrolls of fear
 o - a scroll of enchant armour
 H - 2 scrolls of poison
 I - a scroll of identify
 J - a scroll of silence
Potions
 d - 6 potions of curing
 g - 3 potions of lignification
 i - a potion of resistance
 j - 4 potions of brilliance
 l - a potion of heal wounds
 q - a potion of berserk rage
 v - a potion of might
 x - 4 potions of flight
 D - a potion of invisibility {unknown}
 E - a potion of haste
 G - 2 potions of degeneration {unknown}


   Skills:
 + Level 8.4 Fighting
 - Level 14.0 Maces & Flails
 + Level 8.4 Armour
 - Level 1.7 Dodging
 - Level 1.3 Stealth
 + Level 8.4 Shields
 - Level 0.2 Transmutations
 - Level 1.0 Evocations


You had 10 spell levels left.
You didn't know any spells.
Your spell library contained the following spells:

 Spells                   Type           Power      Damage    Failure   Level
 Blink                    Tloc           0%         N/A       71%         2
 Borgnjor's Vile Clutch   Necr/Erth      0%         N/A       100%        5
 Fireball                 Conj/Fire      0%         3d3       100%        5
 Manifold Assault         Tloc           0%         N/A       100%        5
 Starburst                Conj/Fire      0%         6d3       100%        6
 Storm Form               Tmut/Air       0%         N/A       100%        7
 Ignition                 Fire           0%         3d3       100%        8
 Animate Dead             Necr           Unusable   N/A       N/A         4
 Death Channel            Necr           Unusable   N/A       N/A         6

Dungeon Overview and Level Annotations

Branches:
Dungeon (9/15)             Temple (0/1) D:6         Ossuary (visited)
   Lair: D:8-11         Orc: D:9-12

Altars:
Okawaru
Ru
Xom
The Shining One

Annotations:
D:9 Maurice, Psyche


Innate Abilities, Weirdness & Mutations

You are immune to sickness and miasma.
Your stone body is resilient. (AC +8)
You are immune to poison.
You resist negative energy. (rN+)
You are resistant to electric shocks. (rElec)
You are resistant to unholy torment.
You are immune to petrification.
Your skin changes colour to match your surroundings (Stealth+).
You sometimes lose your temper in combat.
You occasionally shout uncontrollably at your foes.


Message History

You're too confused to move!
Psyche casts a spell at you.
You turn into a filthy swine.
Your +0 flail melds into your body.
Your +2 cloak of poison resistance melds into your body.
Your +1 helmet melds into your body.
Your +0 buckler melds into your body.
The +5 ring mail of Cheibriados {rElec rPois Str+3 SInv} melds into your body.
Your +4 ring of protection melds into your body.
The ring of Roeriop {rF+ Str+6} melds into your body.
You feel weaker. Something hits you!
Something steals your scroll of blinking!
Deactivating autopickup; reactivate with Ctrl-A.
Something hits you!
* * * LOW HITPOINT WARNING * * *
Something steals 354 gold pieces!
You now have 0 gold pieces.
Psyche hits you with a +0 dagger of chaos!
* * * LOW HITPOINT WARNING * * *
You easily resist.
You feel much better.
You feel less confused. Something hits you!!
* * * LOW HITPOINT WARNING * * *
Something steals your ring of resist corrosion!
Psyche barely misses you. You block something's attack.
Psyche closely misses you.
Your magical effects are unravelling.
You feel magically purged.
You feel less porcine.
Your +0 flail unmelds from your body.
Your +2 cloak of poison resistance unmelds from your body.
Your +1 helmet unmelds from your body.
Your +0 buckler unmelds from your body.
The +5 ring mail of Cheibriados {rElec rPois Str+3 SInv} unmelds from your body.
Your +4 ring of protection unmelds from your body.
The ring of Roeriop {rF+ Str+6} unmelds from your body.
Reactivating autopickup.
You feel stronger.
You feel yourself speed up.
You feel a little less mighty now. Psyche hits you but does no damage.
Maurice hits you with a +2 battleaxe of electrocution!
You die...

.. #.....................
... ####..................
...##.....................
....<...###.#..#........
........###.##.#.#.....
.........##.....#
............##....
........@...>.....
......#[@@.......
......#)†....[...
......#..........
......#.........# #....
........... #...
............ ........#....
........##....


You could see Maurice (swift, invisible) and Psyche.

Vanquished Creatures
  A two-headed ogre (D:9)
  Pikel (D:5)
  Prince Ribbit (D:5)
  Grinder (D:6)
  Sigmund (D:2)
  A wyvern (D:8)
  A steam dragon (D:8)
  3 water moccasins
  2 orc warriors
  2 sky beasts (D:7)
  2 black bears
  4 ice beasts
  4 ogres
  A centaur (D:7)
  2 bullfrogs
  3 necrophages
  17 scorpions
  5 wights (D:8)
  14 killer bees
  2 howler monkeys
  3 centaur zombies (Ossuary)
  3 human zombies (Ossuary)
  6 orc priests
  Crazy Yiuf (D:2)
  A hound (D:5)
  2 jellies
  Jessica (D:2)
  6 iguanas
  2 scorpion zombies (Ossuary)
  4 orc wizards
  4 mummies
  12 adders
  2 white imps (D:6)
  An ufetubus (D:4)
  2 worms
  A dart slug (D:2)
  20 orcs
  12 endoplasms
  4 giant cockroaches
  A gnoll zombie (Ossuary)
  10 goblins
  3 hobgoblins
  7 jackals
  2 kobolds
  3 quokkas
  10 ball pythons
  3 bats
  4 frilled lizards
  2 goblin zombies (Ossuary)
  2 hobgoblin zombies (Ossuary)
  A kobold zombie (Ossuary)
  5 orc zombies (Ossuary)
  6 rats
214 creatures vanquished.

Vanquished Creatures (others)
  An orc (D:9)
  A fungus (D:2)
  A plant (D:1)
  4 toadstools (D:1)
7 creatures vanquished.

Grand Total: 221 creatures vanquished

Notes
Turn   | Place    | Note
-------+----------+-------------------------------------------
     0 | D:1      | dobroeutro the Gargoyle Fighter began the quest for the
                  | Orb.
     0 | D:1      | Reached XP level 1. HP: 14/14 MP: 1/1
    88 | D:1      | Reached XP level 2. HP: 14/19 MP: 2/2
   467 | D:1      | Reached skill level 3 in Maces & Flails
   621 | D:1      | Reached XP level 3. HP: 21/23 MP: 3/3
   877 | D:1      | Found a faded altar of an unknown god.
  1249 | D:2      | Noticed Sigmund
  1263 | D:2      | Killed Sigmund
  1264 | D:2      | Reached skill level 5 in Maces & Flails
  1264 | D:2      | Reached skill level 1 in Dodging
  1264 | D:2      | Reached XP level 4. HP: 20/28 MP: 4/4
  1264 | D:2      | Reached XP level 5. HP: 23/32 MP: 5/5
  1437 | D:2      | Noticed Jessica
  1461 | D:2      | Reached XP level 6. HP: 29/37 MP: 6/6
  1462 | D:2      | Reached skill level 6 in Maces & Flails
  1477 | D:2      | Killed Jessica
  1704 | D:2      | Found a runed translucent door.
  1705 | D:2      | Noticed Crazy Yiuf
  1826 | D:2      | Killed Crazy Yiuf
  1827 | D:2      | Reached skill level 1 in Stealth
  2095 | D:3      | Found a sacrificial altar of Ru.
  2104 | D:3      | Identified a scroll of acquirement
  2104 | D:3      | Acquired a manual of Maces & Flails
  2698 | D:3      | Found an iron altar of Okawaru.
  2699 | D:3      | Found a shimmering altar of Xom.
  2703 | D:3      | Became a worshipper of Warmaster Okawaru
  2955 | D:4      | Reached skill level 7 in Maces & Flails
  2955 | D:4      | Reached XP level 7. HP: 38/41 MP: 7/7
  3430 | D:4      | Reached skill level 8 in Maces & Flails
  3668 | D:4      | Reached skill level 9 in Maces & Flails
  4129 | D:5      | Entered Level 5 of the Dungeon
  4150 | D:5      | Reached * piety under Okawaru
  4409 | D:5      | Reached skill level 10 in Maces & Flails
  4409 | D:5      | Reached XP level 8. HP: 46/46 MP: 8/8
  4604 | D:5      | Noticed Pikel
  4622 | D:5      | Killed Pikel
  4622 | D:5      | Reached ** piety under Okawaru
  4623 | D:5      | Reached skill level 12 in Maces & Flails
  4693 | D:5      | Reached skill level 1 in Evocations
  4705 | D:5      | Noticed Prince Ribbit
  4720 | D:5      | Killed Prince Ribbit
  4721 | D:5      | Reached skill level 13 in Maces & Flails
  5000 | D:5      | Reached XP level 9. HP: 50/51 MP: 9/9
  5233 | D:5      | Reached skill level 14 in Maces & Flails
  5282 | D:5      | Reached *** piety under Okawaru
  5502 | D:6      | Gained mutation: You sometimes lose your temper in combat.
                  | [potion of mutation]
  5502 | D:6      | Gained mutation: You occasionally shout uncontrollably at
                  | your foes. [potion of mutation]
  5502 | D:6      | Gained mutation: Your skin changes colour to match your
                  | surroundings (Stealth+). [potion of mutation]
  5613 | D:6      | Found a staircase to the Ecumenical Temple.
  5620 | D:6      | Noticed Grinder
  5634 | D:6      | Paralysed by Grinder for 5 turns
  5639 | D:6      | Killed Grinder
  6251 | D:6      | Reached **** piety under Okawaru
  6414 | D:6      | Reached skill level 5 in Shields
  6425 | D:6      | Found a glowing golden altar of the Shining One.
  6531 | D:7      | Reached skill level 5 in Fighting
  6531 | D:7      | Reached skill level 5 in Armour
  6570 | D:7      | Found a sand-covered staircase.
  6579 | Ossuary  | Entered an ossuary
  6886 | Ossuary  | Reached XP level 10. HP: 60/60 MP: 10/10
  6919 | Ossuary  | Identified the ring of Roeriop {rF+ Str+6}
  7570 | D:7      | Reached ***** piety under Okawaru
  8023 | D:7      | Identified the +5 ring mail of Cheibriados {rElec rPois
                  | Str+3 SInv}
  9725 | D:9      | Noticed a two-headed ogre
  9734 | D:9      | Killed a two-headed ogre
  9735 | D:9      | Reached XP level 11. HP: 41/68 MP: 8/11
  9995 | D:9      | Noticed Maurice
 10005 | D:9      | Received a gift from Okawaru
 10020 | D:9      | Noticed Psyche
 10027 | D:9      | Slain by Maurice

Illustrated notes

Levels and vault maps discovered:
D:1:      ldierk_walled_garden_2, layout_basic, chequers_ecumenical_altar_grove,
          nrook_mini_vaults, kennysheep_boxes
D:2:      layout_rooms, uniq_sigmund, uniq_jessica, uniq_crazy_yiuf_cottage
D:3:      layout_loops_cross, minitemple, nicolae_ru_awakened_eye
D:4:      layout_loops_ring
D:5:      layout_basic, uniq_pikel, uniq_prince_ribbit1
D:6:      layout_loops_ring, tso_altar, minmay_temple_entry_glassed_door,
          uniq_grinder
D:7:      layout_basic, gup_ossuary_entry_pyramid
D:8:      layout_basic, nicolae_straight_to_the_point
D:9:      layout_cave_pools, gammafunk_ghost_grave, uniq_maurice, uniq_psyche

Skill      XL: |  1  2  3  4  5  6  7  8  9 10 |
---------------+-------------------------------+-----
Maces & Flails | 3 5 7 10 13 14 | 14.0
Dodging        | 1 |  1.7
Stealth        | 1 |  1.3
Evocations     | 1 |  1.0
Fighting       | 5 8 |  8.4
Armour         | 5 8 |  8.4
Shields        | 5 8 |  8.4
Transmutations | |  0.2

Action                   |  1- 3 |  4- 6 |  7- 9 | 10-12 || total
-------------------------+-------+-------+-------+-------++-------
Melee: Flail             |   100 |    62 |   403 |   349 ||   914
       Mace              |       |    56 |       |       ||    56
Invok: Heroism           |       |       |     1 |     4 ||     5
Evoke: Wand              |       |       |     7 |       ||     7
  Use: Potion            |     1 |     2 |     2 |     4 ||     9
       Scroll            |       |     9 |     9 |     7 ||    25
 Stab: Invisible         |       |     1 |       |       ||     1
       Sleeping          |       |       |     1 |     1 ||     2
Armor: Scale mail        |    50 |    61 |   121 |    53 ||   285
       Ring mail         |       |       |       |    90 ||    90
Dodge: Dodged            |    52 |    69 |   111 |   154 ||   386
Block: Buckler           |    19 |    21 |   129 |   154 ||   323
       Reflection        |       |       |       |     3 ||     3
       Other             |       |       |       |     1 ||     1
